 Dungeon Crawl Stone Soup version 0.29.1 (webtiles) character file.

Game seed: 2478268259845063688

639 masschaos23 the Chopper (level 7, -3/60 HPs)
             Began as a Hill Orc Fighter on Sept 13, 2022.
             Was an Initiate of Beogh.
             Slain by an orc warrior
             ... wielding a +0 battleaxe of flaming
              (14 damage)
             ... on level 5 of the Dungeon.
             The game lasted 00:14:11 (4943 turns).

masschaos23 the Chopper (Hill Orc Fighter)          Turns: 4943, Time: 00:14:13

Health: -3/60      AC: 11    Str: 19    XL:     7   Next: 51%
Magic:  7/7        EV:  9    Int:  8    God:    Beogh [......]
Gold:   246        SH:  5    Dex: 12    Spells: 6/6 levels left

rFire   . . .      SeeInvis .   a - +0 war axe
rCold   . . .      Faith    .   c - +0 buckler
rNeg    + . .      Spirit   .   b - +0 scale mail
rPois   .          Reflect  .   n - +1 hat
rElec   .          Harm     .   (no cloak)
rCorr   .          Rampage  .   s - +1 pair of gloves
Will    .....                   v - +0 pair of boots
Stlth   ..........              (no amulet)
HPRegen 0.20/turn               q - ring of positive energy
MPRegen 0.10/turn               (no ring)

@: no status effects
A: no striking features
a: Renounce Religion


You were on level 5 of the Dungeon.
You worshipped Beogh.
Beogh was noncommittal.
You visited 1 branch of the dungeon, and saw 5 of its levels.

You collected 246 gold pieces.

Inventory:

Hand Weapons
 a - a +0 war axe (weapon)
 e - a +0 club
 j - a +1 dagger of electrocution
 r - the +8 sling of the Old World {flame, rElec Dex+5}
   (You found it on level 3 of the Dungeon)

   Any ammunition fired from it burns those it strikes, dealing additional fire
   damage.
   Dex:       It affects your dexterity (+5).
   rElec:     It insulates you from electricity.
 u - a +1 dagger of venom
 y - a +0 giant club
Missiles
 t - 5 large rocks
Armour
 b - a +0 scale mail (worn)
 c - a +0 buckler (worn)
 n - a +1 hat (worn)
 s - a +1 pair of gloves (worn)
 v - a +0 pair of boots (worn)
 x - a +0 helmet
Jewellery
 q - a ring of positive energy (left hand)
Scrolls
 f - 7 scrolls of teleportation
 g - 3 scrolls of fear
 l - 3 scrolls of noise
 m - 2 scrolls of torment
 o - 3 scrolls of immolation
 w - a scroll of butterflies
Potions
 d - 2 potions of might
 h - a potion of brilliance
 i - a potion of heal wounds {unknown}
 k - a potion of ambrosia {unknown}
 p - a potion of flight {unknown}
 z - a potion of mutation {unknown}


   Skills:
 + Level 4.9 Fighting
 + Level 6.6 Axes
 + Level 2.3 Ranged Weapons
 + Level 4.9 Armour
 + Level 1.8 Dodging
 + Level 0.5 Stealth
 + Level 4.1 Shields


You had 6 spell levels left.
You didn't know any spells.
Your spell library was empty.

Dungeon Overview and Level Annotations

Branches:
Dungeon (5/15)             Temple (0/1) D:5

Altars:
Cheibriados
Vehumet
Zin

Shops:
D:5 *


Message History

You feel less confused. The orc warrior completely misses you.
The orc hits you but does no damage.
You barely miss the orc.
You hit the orc warrior but do no damage.
The orc warrior hits you with a +0 battleaxe of flaming!
* * * LOW HITPOINT WARNING * * *
The orc warrior burns you.
* * * LOW HITPOINT WARNING * * *
The orc hits you but does no damage.
You hear some strange, mumbled words.
Something tries to affect you, but you resist.
You are too injured to fight recklessly!
You are too injured to fight recklessly!
The orc warrior closely misses you.
You hear some strange, mumbled words.
Something tries to affect you, but you resist.
You hit the orc warrior.
The orc warrior is heavily wounded.
You miss something. x2
The orc warrior hits you but does no damage.
You hear some strange, mumbled words.
A magic dart appears from out of thin air!
The magic dart hits you.
* * * LOW HITPOINT WARNING * * *
You hit the orc warrior.
The orc warrior is severely wounded.
You miss something. You block the orc warrior's attack.
Something hits you but does no damage. You block the orc warrior's attack.
Something hits you but does no damage.
You completely miss the orc warrior.
The orc warrior is severely wounded.
You miss something. x2; Something hits you but does no damage.
The orc warrior barely misses you.
You closely miss the orc warrior.
The orc warrior is severely wounded.
You slash something! x2; Something hits you.
* * * LOW HITPOINT WARNING * * *
The orc warrior hits you with a +0 battleaxe of flaming!
You die...
Beogh appreciates the orc warrior's killing of a heretic priest.

.............###..###..#.#
...#######....######.....#
...# ###.....# #.[....#
.#.#####<......# #.....##
......##.##...######...##
#...#.##.##..###..###..#
.#.#........###....###.#
..∩...#..#..##......##.#
.#.#..##.#.....{@......###
#...#.##.#######.o.........#
......##.# #.o..##.####.#
#####....# #..####.# ####.#
#..# #)# #.# #..# #.# #..#
#.# .... ..# .>..#


You could see an orc warrior and an orc.

Vanquished Creatures
  An ogre (D:4)
  A phantom (D:4)
  4 hounds
  An orc priest (D:4)
  Jessica (D:2)
  Terence (D:2)
  2 iguanas
  2 orc wizards
  Robin (D:2)
  7 adders
  An ufetubus (D:4)
  2 worms
  A dart slug (D:1)
  8 orcs
  9 ball pythons
  5 endoplasms
  2 giant cockroaches
  14 goblins
  11 hobgoblins
  2 jackals (D:3)
  7 kobolds
  2 quokkas
  4 bats
  3 frilled lizards
  6 rats
98 creatures vanquished.

Vanquished Creatures (others)
  2 orc priests (D:4)
  An orc (D:4)
  A ball python (D:4)
  A fungus (D:2)
  2 plants (D:4)
7 creatures vanquished.

Grand Total: 105 creatures vanquished

Notes
Turn   | Place    | Note
-------+----------+-------------------------------------------
     0 | D:1      | masschaos23 the Hill Orc Fighter began the quest for the
                  | Orb.
     0 | D:1      | Reached XP level 1. HP: 19/19 MP: 1/1
   377 | D:1      | Reached XP level 2. HP: 27/27 MP: 2/2
   417 | D:1      | Reached skill level 3 in Axes
  1341 | D:2      | Reached XP level 3. HP: 33/33 MP: 3/3
  1351 | D:2      | Noticed Robin
  1361 | D:2      | Killed Robin
  1522 | D:2      | Reached skill level 4 in Axes
  1551 | D:2      | Found a faded altar of an unknown god.
  1687 | D:2      | Reached XP level 4. HP: 25/40 MP: 4/4
  1892 | D:2      | Noticed Jessica
  1904 | D:2      | Killed Jessica
  1997 | D:2      | Noticed Terence
  2010 | D:2      | Killed Terence
  2011 | D:2      | Reached skill level 5 in Axes
  2011 | D:2      | Reached XP level 5. HP: 36/46 MP: 5/5
  2698 | D:3      | Found a glowing silver altar of Zin.
  2828 | D:3      | Identified the +8 sling of the Old World {flame, rElec
                  | Dex+5}
  3054 | D:3      | Found a radiant altar of Vehumet.
  3258 | D:4      | Reached skill level 1 in Ranged Weapons
  3264 | D:4      | Reached XP level 6. HP: 19/53 MP: 6/6
  3616 | D:4      | Became a worshipper of Beogh the Brigand
  3634 | D:4      | Reached skill level 1 in Dodging
  3697 | D:4      | Found a snail-covered altar of Cheibriados.
  4163 | D:4      | Reached skill level 6 in Axes
  4163 | D:4      | Reached XP level 7. HP: 22/60 MP: 7/7
  4569 | D:5      | Entered Level 5 of the Dungeon
  4573 | D:5      | Found a staircase to the Ecumenical Temple.
  4674 | D:5      | Found Ryoxaus's Assorted Antiques.
  4943 | D:5      | Slain by an orc warrior

Illustrated notes

Levels and vault maps discovered:
D:1:      dpeg_cavernosity, layout_basic, serial_park_tiny_1
D:2:      minmay_chambers_of_ones, layout_loops_ring,
          shapermc_ecumenical_altar_ellora, uniq_terence, uniq_robin,
          uniq_jessica
D:3:      layout_rooms, nicolae_vehumet_altar_sigil,
          mainiacjoe_overflow_alcove_1
D:4:      layout_loops_ring, lemuel_tele_altar, serial_bayou_pond_e
D:5:      layout_loops_ring, nicolae_wu_jian_immortal_techniques,
          minmay_temple_entry_mini_moons, serial_shops,
          nicolae_shop_advertising_works [nicolae_subvault_shop_adworks],
          minivault_19

Skill      XL: |  1  2  3  4  5  6  7 |
---------------+----------------------+-----
Axes           | 3 4 5 6 |  6.6
Fighting       | 4 |  4.9
Armour         | 4 |  4.9
Ranged Weapons | 1 2 |  2.3
Dodging        | 1 |  1.8
Shields        | 4 |  4.1
Stealth        | |  0.5

Action                   |  1- 3 |  4- 6 |  7- 9 || total
-------------------------+-------+-------+-------++-------
Melee: War axe           |   102 |   180 |    52 ||   334
 Fire: Sling             |       |    21 |     5 ||    26
Invok: Convert to Beogh  |       |     1 |       ||     1
  Use: Scroll            |       |       |     7 ||     7
 Stab: Distracted        |     1 |       |       ||     1
Armor: Scale mail        |    46 |    99 |    45 ||   190
Dodge: Dodged            |    56 |    83 |    29 ||   168
Block: Buckler           |    18 |    39 |    10 ||    67
